 Dungeon Crawl Stone Soup version 0.31-a0-625-gc9c7e45f3f (webtiles) character file.

Game seed: 5426191960601964626

93 Ijustatesigmund the Trooper (level 4, -5/30 HPs)
             Began as a Gargoyle Fighter on Aug 24, 2023.
             Killed by divine providence
             ... invoked by an orc priest
              (12 damage)
             ... on level 3 of the Dungeon.
             The game lasted 00:02:52 (1707 turns).

Ijustatesigmund the Trooper (Gargoyle Fighter)      Turns: 1707, Time: 00:02:52

Health: -5/30      AC: 10    Str: 19    XL:     4   Next: 62%
Magic:  4/4        EV:  9    Int: 11    God:
Gold:   135        SH:  4    Dex:  9    Spells: 3/3 levels left

rFire   . . .        a - +0 flail
rCold   . . .        c - +0 buckler
rNeg    + + .        b - +0 scale mail
rPois   ∞            (no helmet)
rElec   +            (no cloak)
rCorr   .            (no gloves)
SInv    .            (no boots)
Will    +....        (no amulet) Stlth
                     f - ring of positive energy
HPRegen 0.25/turn    (no ring)
MPRegen 0.09/turn

%: no passive effects
@: enlightened, flying
A: sickness immunity, AC +3, negative energy resistance 1, electricity
resistance, torment resistance 1, petrification resistance
a: no special abilities


You were on level 3 of the Dungeon.
You visited 1 branch of the dungeon, and saw 3 of its levels.

You collected 135 gold pieces.

Inventory:

Hand Weapons
 a - a +0 flail (weapon)
Armour
 b - a +0 scale mail (worn)
 c - a +0 buckler (worn)
Jewellery
 f - a ring of positive energy (left hand)
Scrolls
 e - a scroll of fear {unknown}
 g - a scroll of torment {unknown}
 h - 2 scrolls of teleportation {unknown}
 i - 2 scrolls of identify {unknown}
 j - a scroll of blinking {unknown}
 k - a scroll of noise {unknown}
Potions
 d - 3 potions of might


   Skills:
 + Level 4.5 Fighting
 + Level 3.4 Maces & Flails
 + Level 3.4 Armour
 + Level 0.2 Dodging
 + Level 3.3 Shields


You had 3 spell levels left.
You didn't know any spells.
Your spell library was empty.

Dungeon Overview and Level Annotations

Branches:
Dungeon (3/15)

Altars:


Innate Abilities, Weirdness & Mutations

You are immune to sickness and miasma.
Your stone body is resilient. (AC +3)
You are immune to poison.
You resist negative energy. (rN+)
You are resistant to electric shocks. (rElec)
You are resistant to unholy torment.
You are immune to petrification.


Message History

You kill the kobold!
The orc priest barely misses you. You block the orc's attack.
The orc hits you with a +0 falchion.
You hit the orc.
The orc is heavily wounded.
The orc hits you but does no damage.
The orc priest calls upon Beogh to heal the orc.
The orc's wounds heal themselves!
The orc hits you but does no damage.
You sock the orc!
You kill the orc!
You block the orc priest's attack.
A puff of flame appears from out of thin air!
The puff of flame hits you. The orc hits you but does no damage.
The orc hits you with a +0 war axe! The orc priest barely misses you.
You hit the orc but do no damage. The orc closely misses you.
The orc priest hits you but does no damage.
It was a potion of enlightenment.
You feel very buoyant.
You fly up into the air.
The orc closely misses you.
The orc priest hits you but does no damage.
You hit the orc.
The orc is heavily wounded.
The orc hits you with a +0 war axe. The orc priest misses you.
You hit the orc but do no damage.
The orc is heavily wounded.
The orc barely misses you. You block the orc priest's attack.
You hit the orc.
You kill the orc!
The orc priest hits you but does no damage.
The orc priest mumbles some strange prayers to Beogh against you.
You resist with some effort.
The orc priest hits you with a +0 trident.
* * * LOW HITPOINT WARNING * * *
Things that are here:
a +0 falchion; 5 gold pieces You sock the orc priest!
The orc priest is severely wounded.
The orc priest mumbles some strange prayers to Beogh against you.
Beogh smites you!
You die...

#....... ##..(....
#.......# ..#.....#
......###### .. #.........
... # ...#. #.#.o..# #... .
.....#.#...@))# #.... #
##.#........)#..##..#
####.....##.##..=.....#
.....# #.#..S#.###...#####
...#.# .... .... #.#.....#
.....###†#...#.###.......#
......†..##.##...†.......#
#.....#.........#.##.......
#......(..#.#.....# .......


You could see an orc priest.

Vanquished Creatures
  3 adders
  2 worms (D:3)
  A dart slug (D:2)
  2 orcs (D:3)
  6 ball pythons
  4 endoplasms
  5 giant cockroaches
  6 hobgoblins
  4 kobolds
  3 quokkas
  3 bats
  4 frilled lizards
  5 goblins
  7 rats
55 creatures vanquished.

Vanquished Creatures (others)
  An orc wizard (D:3)
1 creature vanquished.

Grand Total: 56 creatures vanquished

Notes
Turn   | Place    | Note
-------+----------+-------------------------------------------
     0 | D:1      | Ijustatesigmund the Gargoyle Fighter began the quest for
                  | the Orb.
     0 | D:1      | Reached XP level 1. HP: 14/14 MP: 1/1
   115 | D:1      | Reached XP level 2. HP: 12/19 MP: 2/2
   617 | D:2      | Reached skill level 4 in Fighting
   617 | D:2      | Reached XP level 3. HP: 20/24 MP: 3/3
  1295 | D:2      | Reached XP level 4. HP: 30/30 MP: 4/4
  1499 | D:3      | Found a faded altar of an unknown god.
  1707 | D:3      | Killed from afar by an orc priest

Illustrated notes

Levels and vault maps discovered:
D:1:      nagdon_arrival_zigzag_paths, layout_basic
D:2:      layout_loops_cross, nicolae_figureground_sparkle
D:3:      layout_basic, ebering_ecumenical_altar_sacrificial,
          minmay_fractal_squares_5

Skill      XL: |  1  2  3 |
---------------+----------+-----
Fighting       | 4 |  4.5
Maces & Flails | 3 |  3.4
Armour         | |  3.4
Dodging        | |  0.2
Shields        | |  3.3

Action                     |  1- 3 |  4- 6 || total
---------------------------+-------+-------++-------
  Melee: Flail             |   157 |    60 ||   217
    Use: Potion            |       |     1 ||     1
 Armour: Scale mail        |    87 |    24 ||   111
  Dodge: Dodged            |    90 |    31 ||   121
  Block: Buckler           |    37 |    10 ||    47

Table legend: (Time is in decaauts)
 A = Elapsed time spent in this place.
 B = Non-inter-level travel time spent in this place.
 C = Inter-level travel time spent in this place.
 D = Time resting spent in this place.
 E = Time spent auto-exploring this place.
 F = Levels seen in this place.
 G = Mean time per level.
                   A        B        C        D        E       F      G
               +--------+--------+--------+--------+--------+-----+--------+
         Total |   1769 |   1735 |     34 |      0 |   1283 |   3 |  589.7 |
       Dungeon |   1769 |   1735 |     34 |      0 |   1283 |   3 |  589.7 |
               +--------+--------+--------+--------+--------+-----+--------+

Top non-repeatable levels by time:
     D:2: 854 daAuts
     D:1: 582 daAuts
     D:3: 332 daAuts
